TOP OF THE 1ST |
Hartford Darth Whalers batting - Pitching for Indian Hills Voodoo : RHP Orlando Aldape
|
Pitching: RHP Orlando Aldape
|
|
Batting: LHB Carlos Estrada
|
0-0: Fly out, F2 (Popup, 5SF)
|
Batting: RHB Steve Brown
|
0-0: Ball 1-0: Fly out, F3 (Popup, 3SF)
|
Batting: RHB Jaime Contreras
|
0-0: Ball 1-0: Foul Ball, location: 2F 1-1: Ball 2-1: Ball 3-1: Foul Ball, location: 2F 3-2: Ground out 6-3 (Groundball, 6)
|
Top of the 1st over - 0 run(s), 0 hit(s), 0 error(s), 0 left on base; Hartford 0 - Indian Hills 0 |
BOTTOM OF THE 1ST |
Indian Hills Voodoo batting - Pitching for Hartford Darth Whalers : RHP Tracy Key
|
Pitching: RHP Tracy Key
|
|
Batting: LHB Amlak Saitoti
|
0-0: Ground out U3 (Groundball, 3L)
|
Batting: SHB Roberto Franco
|
0-0: Ball 1-0: Ball 2-0: SINGLE (Groundball, 3)
|
Batting: RHB Bob McDonald
|
0-0: Ball 1-0: Called Strike 1-1: Foul Ball, location: 2F 1-2: Strikes out swinging
|
Batting: RHB Félix Guillén
|
0-0: Ball 1-0: Fielders Choice at 2nd, 6-4 (Groundball, 6)
|
Bottom of the 1st over - 0 run(s), 1 hit(s), 0 error(s), 0 left on base; Hartford 0 - Indian Hills 0 |
TOP OF THE 2ND |
Hartford Darth Whalers batting - Pitching for Indian Hills Voodoo : RHP Orlando Aldape
|
Batting: RHB Kel Weeks
|
0-0: Fly out, F7 (Flyball, 7S)
|
Batting: RHB Sidney Smith
|
0-0: Swinging Strike 0-1: Foul Ball, location: 2F 0-2: Ball 1-2: SINGLE (Groundball, 6MD)
|
Batting: RHB Raúl Flores
|
0-0: Ball 1-0: Ball 2-0: SINGLE (Groundball, 34) (infield hit) Sidney Smith to second
|
Batting: RHB Mike Wagner
|
0-0: Fly out, F9 (Flyball, 9M)
|
Batting: RHB Francisco Águila
|
0-0: Ball 1-0: Fly out, F7 (Flyball, 7LSF)
|
Top of the 2nd over - 0 run(s), 2 hit(s), 0 error(s), 2 left on base; Hartford 0 - Indian Hills 0 |
BOTTOM OF THE 2ND |
Indian Hills Voodoo batting - Pitching for Hartford Darth Whalers : RHP Tracy Key
|
Batting: SHB Alberto García
|
0-0: Ground out 1-3 (Groundball, 25)
|
Batting: SHB Kenneth Cruz
|
0-0: Swinging Strike 0-1: Ball 1-1: Ball 2-1: Ground out 4-3 (Groundball, 34)
|
Batting: RHB Bobby Hulsey
|
0-0: Called Strike 0-1: Swinging Strike 0-2: Ball 1-2: Strikes out looking
|
Bottom of the 2nd over - 0 run(s), 0 hit(s), 0 error(s), 0 left on base; Hartford 0 - Indian Hills 0 |
TOP OF THE 3RD |
Hartford Darth Whalers batting - Pitching for Indian Hills Voodoo : RHP Orlando Aldape
|
Batting: RHB Carlos Aguirre
|
0-0: Ball 1-0: Ball 2-0: Ball 3-0: Base on Balls
|
Batting: LHB Carlos Estrada
|
0-0: Ball 1-0: Ball 2-0: Ball 3-0: Called Strike Single, Error in OF, E8, batter to second base Carlos Aguirre to third
|
Batting: RHB Steve Brown
|
0-0: Called Strike 0-1: Ball 1-1: Foul Ball, location: 2F 1-2: Ball 2-2: Foul Ball, location: 2F 2-2: Ball 3-2: DOUBLE (Line Drive, 8LXD) Carlos Aguirre scores Carlos Estrada scores
|
Batting: RHB Jaime Contreras
|
0-0: Ball 1-0: SINGLE (Groundball, 56D) Steve Brown to third
|
Batting: RHB Kel Weeks
|
0-0: Fly out, F7 (Popup, 7S)
|
Batting: RHB Sidney Smith
|
0-0: Ball 1-0: Called Strike 1-1: Foul Ball, location: 2F 1-2: Foul Ball, location: 2F 1-2: Strikes out swinging Jaime Contreras steals 2nd base Batter strikes out.
|
Batting: RHB Raúl Flores
|
0-0: Called Strike 0-1: Foul Ball, location: 2F 0-2: Foul Ball, location: 2F 0-2: Ball 1-2: Foul Ball, location: 2F 1-2: Strikes out swinging
|
Top of the 3rd over - 2 run(s), 3 hit(s), 1 error(s), 2 left on base; Hartford 2 - Indian Hills 0 |
BOTTOM OF THE 3RD |
Indian Hills Voodoo batting - Pitching for Hartford Darth Whalers : RHP Tracy Key
|
Batting: RHB Arturo Camacho
|
0-0: Called Strike 0-1: Ball 1-1: Ball 2-1: Ground out 6-3 (Groundball, 6M)
|
Batting: RHB Fred Moulds
|
0-0: DOUBLE (Flyball, 89XD)
|
Batting: LHB Amlak Saitoti
|
0-0: Called Strike 0-1: Ball 1-1: Fly out, F8 (Flyball, 8RM)
|
Batting: SHB Roberto Franco
|
0-0: Called Strike 0-1: Ball 1-1: Ground out 4-3 (Groundball, 34)
|
Bottom of the 3rd over - 0 run(s), 1 hit(s), 0 error(s), 1 left on base; Hartford 2 - Indian Hills 0 |
TOP OF THE 4TH |
Hartford Darth Whalers batting - Pitching for Indian Hills Voodoo : RHP Orlando Aldape
|
Batting: RHB Mike Wagner
|
0-0: Ball 1-0: Called Strike 1-1: Called Strike 1-2: Strikes out looking
|
Batting: RHB Francisco Águila
|
0-0: Foul Ball, location: 2F 0-1: Foul Ball, location: 2F 0-2: Fly out, F7 (Flyball, 7M)
|
Batting: RHB Carlos Aguirre
|
0-0: Swinging Strike 0-1: Ball 1-1: Foul Ball, location: 2F 1-2: Ball 2-2: Foul Ball, location: 2F 2-2: Ball 3-2: SINGLE (Line Drive, 8RS)
|
Batting: LHB Carlos Estrada
|
0-0: Ball 1-0: Swinging Strike 1-1: Fly out, F6 (Popup, 56D)
|
Top of the 4th over - 0 run(s), 1 hit(s), 0 error(s), 1 left on base; Hartford 2 - Indian Hills 0 |
BOTTOM OF THE 4TH |
Indian Hills Voodoo batting - Pitching for Hartford Darth Whalers : RHP Tracy Key
|
Batting: RHB Bob McDonald
|
0-0: Ball 1-0: Called Strike 1-1: Foul Ball, location: 2F 1-2: Strikes out swinging
|
Batting: RHB Félix Guillén
|
0-0: Called Strike 0-1: Ball 1-1: Foul Ball, location: 2F 1-2: Strikes out swinging
|
Batting: SHB Alberto García
|
0-0: Foul Ball, location: 2F 0-1: Ball 1-1: Foul Ball, location: 2F 1-2: Ground out 4-3 (Groundball, 4)
|
Bottom of the 4th over - 0 run(s), 0 hit(s), 0 error(s), 0 left on base; Hartford 2 - Indian Hills 0 |
TOP OF THE 5TH |
Hartford Darth Whalers batting - Pitching for Indian Hills Voodoo : RHP Orlando Aldape
|
Batting: RHB Steve Brown
|
0-0: SINGLE (Flyball, 89S)
|
Batting: RHB Jaime Contreras
|
0-0: Called Strike 0-1: Fly out, F4 (Line Drive, 34D)
|
Batting: RHB Kel Weeks
|
0-0: Called Strike 0-1: Ball Wild Pitch! Steve Brown to second 1-1: Called Strike 1-2: Hit by Pitch
|
Batting: RHB Sidney Smith
|
0-0: Foul Ball, location: 2F 0-1: Foul Ball, location: 2F 0-2: Strikes out looking
|
Pitching: LHP Michael Dyer
|
|
Batting: RHB Raúl Flores
|
0-0: Called Strike 0-1: Called Strike 0-2: Ground out 3-1 (Groundball, 3)
|
Top of the 5th over - 0 run(s), 1 hit(s), 0 error(s), 2 left on base; Hartford 2 - Indian Hills 0 |
BOTTOM OF THE 5TH |
Indian Hills Voodoo batting - Pitching for Hartford Darth Whalers : RHP Tracy Key
|
Batting: SHB Kenneth Cruz
|
0-0: Ball 1-0: Ball 2-0: Ball 3-0: Base on Balls
|
Batting: RHB Bobby Hulsey
|
0-0: Hit by Pitch Kenneth Cruz to second
|
Batting: RHB Arturo Camacho
|
0-0: Foul Ball, location: 2F 0-1: Swinging Strike 0-2: Reached on error, E6 (Groundball, 6) Kenneth Cruz to third Bobby Hulsey to second
|
Batting: RHB Fred Moulds
|
0-0: Called Strike 0-1: Swinging Strike 0-2: Foul Ball, location: 2F 0-2: SINGLE (Line Drive, 9S) Kenneth Cruz scores Bobby Hulsey to third Arturo Camacho to second
|
Batting: LHB Amlak Saitoti
|
0-0: Called Strike 0-1: Ball 1-1: Fly out, F9 (Flyball, 9M) Runner from 3rd tags up, SCORES, throw made
|
Batting: SHB Roberto Franco
|
0-0: Ball Arturo Camacho is caught stealing 3rd base Fred Moulds to second 1-0: Foul Ball, location: 2F 1-1: Ball 2-1: Ball 3-1: Called Strike 3-2: Foul Ball, location: 2F 3-2: Base on Balls
|
Batting: RHB Bob McDonald
|
0-0: Called Strike 0-1: Ball 1-1: SINGLE (Groundball, 6MD) Fred Moulds to third Roberto Franco to second Runner from 3rd tries for Home, throw and OUT!
|
Bottom of the 5th over - 2 run(s), 2 hit(s), 1 error(s), 2 left on base; Hartford 2 - Indian Hills 2 |
TOP OF THE 6TH |
Hartford Darth Whalers batting - Pitching for Indian Hills Voodoo : LHP Michael Dyer
|
Batting: RHB Mike Wagner
|
0-0: Ball 1-0: SINGLE (Groundball, 56D)
|
Batting: RHB Francisco Águila
|
0-0: Ball 1-0: Called Strike 1-1: Swinging Strike 1-2: Ball 2-2: Foul Ball, location: 2F 2-2: Foul Ball, location: 2F 2-2: Ball 3-2: Base on Balls Mike Wagner to second
|
Batting: RHB Carlos Aguirre
|
0-0: Ball 1-0: Ball 2-0: Foul Ball, location: 2F 2-1: Called Strike 2-2: Ball 3-2: Base on Balls Mike Wagner to third Francisco Águila to second
|
Batting: LHB Carlos Estrada
|
0-0: Ball 1-0: Called Strike 1-1: Grounds into double play, 6-2-3 (Groundball, 6M) Francisco Águila to third Carlos Aguirre to second
|
Batting: RHB Steve Brown
|
0-0: Ball 1-0: Swinging Strike 1-1: SINGLE (Line Drive, 8RS) Francisco Águila scores Carlos Aguirre to third Runner from 3rd tries for Home, SAFE, no throw or cutoff
|
Batting: RHB Jaime Contreras
|
0-0: Swinging Strike 0-1: Foul Ball, location: 2F 0-2: Ball 1-2: Ball 2-2: Fly out, F4 (Popup, 9S)
|
Top of the 6th over - 2 run(s), 2 hit(s), 0 error(s), 1 left on base; Hartford 4 - Indian Hills 2 |
BOTTOM OF THE 6TH |
Indian Hills Voodoo batting - Pitching for Hartford Darth Whalers : RHP Tracy Key
|
Batting: RHB Félix Guillén
|
0-0: Ball 1-0: Ball 2-0: Swinging Strike 2-1: Foul Ball, location: 2F 2-2: Foul Ball, location: 2F 2-2: Foul Ball, location: 2F 2-2: Ball 3-2: Base on Balls
|
Pitching: RHP Aaron Abrams
|
|
Batting: SHB Alberto García
|
0-0: Called Strike 0-1: Foul Ball, location: 2F 0-2: Strikes out swinging
|
Batting: SHB Kenneth Cruz
|
0-0: Ball 1-0: Swinging Strike 1-1: Fielders Choice at 2nd, 4-6 (Groundball, 34)
|
Batting: RHB Bobby Hulsey
|
0-0: Swinging Strike 0-1: Ball 1-1: Called Strike 1-2: Ground out 4-3 (Groundball, 4)
|
Bottom of the 6th over - 0 run(s), 0 hit(s), 0 error(s), 1 left on base; Hartford 4 - Indian Hills 2 |
TOP OF THE 7TH |
Hartford Darth Whalers batting - Pitching for Indian Hills Voodoo : LHP Michael Dyer
|
Batting: RHB Kel Weeks
|
0-0: Swinging Strike 0-1: Ball 1-1: Ball 2-1: Ball 3-1: Base on Balls
|
Batting: RHB Sidney Smith
|
0-0: Ball Kel Weeks steals 2nd base Reached via error on a dropped throw, E3 Kel Weeks to third
|
Batting: RHB Raúl Flores
|
0-0: Called Strike 0-1: Foul Ball, location: 2F 0-2: Ball 1-2: Foul Ball, location: 2F 1-2: Ball 2-2: Foul Ball, location: 2F 2-2: SINGLE (Line Drive, 8LS) Kel Weeks scores Sidney Smith to second
|
Batting: RHB Mike Wagner
|
0-0: Sac Bunt - play at first, batter OUT! 3-4 Sidney Smith to third Raúl Flores to second
|
Batting: RHB Francisco Águila
|
0-0: Ball 1-0: Foul Ball, location: 2F 1-1: Ground out 6-3 (Groundball, 6M)
|
Batting: RHB Carlos Aguirre
|
0-0: Called Strike 0-1: Called Strike Balk! Sidney Smith scores Raúl Flores to third 0-2: Strikes out swinging
|
Top of the 7th over - 2 run(s), 1 hit(s), 1 error(s), 1 left on base; Hartford 6 - Indian Hills 2 |
BOTTOM OF THE 7TH |
Indian Hills Voodoo batting - Pitching for Hartford Darth Whalers : RHP Aaron Abrams
|
Batting: RHB Arturo Camacho
|
0-0: Foul Ball, location: 2F 0-1: Ball 1-1: Foul Ball, location: 2F 1-2: Ball 2-2: Strikes out looking
|
Batting: RHB Fred Moulds
|
0-0: Called Strike 0-1: Ball 1-1: Ball 2-1: Foul Ball, location: 2F 2-2: Strikes out swinging
|
Batting: LHB Amlak Saitoti
|
0-0: Called Strike 0-1: Foul Ball, location: 2F 0-2: Fly out, F7 (Flyball, 7LM)
|
Bottom of the 7th over - 0 run(s), 0 hit(s), 0 error(s), 0 left on base; Hartford 6 - Indian Hills 2 |
TOP OF THE 8TH |
Hartford Darth Whalers batting - Pitching for Indian Hills Voodoo : LHP Michael Dyer
|
Batting: LHB Carlos Estrada
|
0-0: Called Strike 0-1: Swinging Strike 0-2: TRIPLE (Groundball, 3L)
|
Batting: RHB Steve Brown
|
0-0: Fly out, F8 (Flyball, 8RS)
|
Batting: RHB Jaime Contreras
|
0-0: Intentional Walk
|
Pitching: LHP Raúl Coranillo
|
|
Batting: RHB Kel Weeks
|
0-0: Called Strike 0-1: Ball 1-1: Swinging Strike 1-2: Foul Ball, location: 2F 1-2: Strikes out swinging
|
Batting: RHB Sidney Smith
|
0-0: Ball 1-0: Ball 2-0: Fly out, F7 (Flyball, 7M)
|
Top of the 8th over - 0 run(s), 1 hit(s), 0 error(s), 2 left on base; Hartford 6 - Indian Hills 2 |
BOTTOM OF THE 8TH |
Indian Hills Voodoo batting - Pitching for Hartford Darth Whalers : RHP Aaron Abrams
|
Pitching: RHP Lance Sanders
|
|
Batting: SHB Roberto Franco
|
0-0: Called Strike 0-1: Ground out 4-3 (Groundball, 4)
|
Batting: RHB Bob McDonald
|
0-0: Ball 1-0: Foul Ball, location: 2F 1-1: Called Strike 1-2: Ground out 4-3 (Groundball, 4M)
|
Batting: RHB Félix Guillén
|
0-0: Called Strike 0-1: Called Strike 0-2: SINGLE (Groundball, 13) (infield hit)
|
Batting: SHB Alberto García
|
0-0: Ball 1-0: Called Strike 1-1: Called Strike 1-2: Ball 2-2: Foul Ball, location: 2F 2-2: Fly out, F4 (Popup, 4MD)
|
Bottom of the 8th over - 0 run(s), 1 hit(s), 0 error(s), 1 left on base; Hartford 6 - Indian Hills 2 |
TOP OF THE 9TH |
Hartford Darth Whalers batting - Pitching for Indian Hills Voodoo : LHP Raúl Coranillo
|
Batting: RHB Raúl Flores
|
0-0: Swinging Strike 0-1: Foul Ball, location: 2F 0-2: Foul Ball, location: 2F 0-2: Fly out, F7 (Flyball, 7LM)
|
Batting: RHB Mike Wagner
|
0-0: Ground out 1-3 (Groundball, 15)
|
Batting: RHB Francisco Águila
|
0-0: Ball 1-0: Called Strike 1-1: Called Strike 1-2: Foul Ball, location: 2F 1-2: Ball 2-2: Strikes out swinging
|
Top of the 9th over - 0 run(s), 0 hit(s), 0 error(s), 0 left on base; Hartford 6 - Indian Hills 2 |
BOTTOM OF THE 9TH |
Indian Hills Voodoo batting - Pitching for Hartford Darth Whalers : RHP Lance Sanders
|
Batting: SHB Kenneth Cruz
|
0-0: Called Strike 0-1: Called Strike 0-2: Foul Ball, location: 2F 0-2: Ball 1-2: Foul Ball, location: 2F 1-2: Foul Ball, location: 2F 1-2: Fly out, F9 (Flyball, 89M)
|
Batting: RHB Bobby Hulsey
|
0-0: Foul Ball, location: 2F 0-1: Swinging Strike 0-2: Strikes out swinging
|
Batting: RHB Arturo Camacho
|
0-0: Ball 1-0: Called Strike 1-1: Swinging Strike 1-2: SINGLE (Flyball, 9LS)
|
Batting: RHB Fred Moulds
|
0-0: Called Strike 0-1: Foul Ball, location: 2F 0-2: Ball 1-2: Fielders Choice at 2nd, U6 (Groundball, 6M)
|
Bottom of the 9th over - 0 run(s), 1 hit(s), 0 error(s), 1 left on base; Hartford 6 - Indian Hills 2 |
|